 Dungeon Crawl Stone Soup version 0.22-a0-443-g17c3723 (webtiles) character file.

3116 emperorscorpion the Thaumaturge (level 9, -4/50 HPs)
             Began as a Deep Elf Fire Elementalist on June 1, 2018.
             Was an Elder of Vehumet.
             Slain by tsouns's ghost (17 damage)
             ... on level 8 of the Dungeon.
             The game lasted 00:23:57 (8735 turns).

emperorscorpion the Thaumaturge (DEFE)              Turns: 8735, Time: 00:23:57

Health: -4/50      AC:  6    Str:  5    XL:     9   Next: 60%
Magic:  19/23      EV: 14    Int: 24    God:    Vehumet [****..]
Gold:   319        SH:  0    Dex: 15    Spells: 7/24 levels left

rFire    . . .     SeeInvis +   b - +1 hunting sling
rCold    + . .     Gourm    .   (no shield)
rNeg     . . .     Faith    .   u - +1 robe {rC+}
rPois    .         Spirit   .   C - +0 helmet
rElec    .         Reflect  .   (no cloak)
rCorr    .         Harm     .   m - +1 pair of gloves
MR       .....                  (no boots)
Stlth    +++.......             (no amulet)
HPRegen  0.16/turn              H - ring of see invisible
MPRegen  0.18/turn              (no ring)

@: no status effects
A: no striking features
a: Renounce Religion


You were on level 8 of the Dungeon.
You worshipped Vehumet.
Vehumet was greatly pleased with you.
You were not hungry.

You visited 1 branch of the dungeon, and saw 8 of its levels.

You collected 335 gold pieces.
You spent 16 gold pieces at shops.

Inventory:

Hand Weapons
 a - a +1 short sword of flaming
 b - a +1 hunting sling (weapon)
 J - a +0 vampiric battleaxe
Missiles
 e - 152 arrows
 f - 270 stones (quivered)
 k - a throwing net
 l - 6 tomahawks
 r - 65 sling bullets
 s - 55 bolts
 I - 12 poisoned needles
Armour
 j - a +0 troll leather armour {Purgy}
 m - a +1 pair of gloves (worn)
 u - a +1 robe of cold resistance (worn)
 y - a +0 robe
 C - a +0 helmet (worn)
Jewellery
 H - a ring of see invisible (left hand)
Wands
 o - a wand of flame (62)
 F - a wand of digging (22)
Scrolls
 d - a scroll of identify
 h - a scroll of amnesia
 i - a scroll of fear
 n - 6 scrolls of remove curse
 t - 4 scrolls of teleportation
 v - 4 scrolls of magic mapping
 B - a scroll of enchant weapon
 D - a scroll of immolation
Potions
 g - 4 potions of degeneration
 p - a potion of berserk rage
 q - 4 potions of brilliance
 x - a potion of heal wounds
 z - 3 potions of curing
 A - a potion of invisibility {unknown}
 E - 2 potions of lignification {unknown}
 G - 2 potions of flight {unknown}
Comestibles
 c - 9 rations
 w - 5 chunks of flesh


   Skills:
 + Level 3.0 Fighting
 - Level 5.7 Slings
 + Level 1.4 Armour
 + Level 4.0 Dodging
 + Level 3.6 Stealth
 + Level 8.2 Spellcasting
 + Level 6.2 Conjurations
 + Level 7.0 Fire Magic
 + Level 1.1 Evocations


You had 7 spell levels left.
You knew the following spells:

 Your Spells              Type           Power        Failure   Level  Hunger
a - Flame Tongue          Conj/Fire      #####        1%          1    None
b - Sticky Flame          Conj/Fire      #####...     1%          4    ##.....
c - Fireball              Conj/Fire      #####.....   3%          5    #####..
d - Iskenderun's Mystic   Conj           #####...     1%          4    ##.....
r - Regeneration          Chrm/Necr      #.........   19%         3    None

Your spell library contained the following spells:

 Spells                   Type           Power        Failure   Level  Hunger
 Conjure Flame            Conj/Fire      #####...     1%          3    None
 Throw Flame              Conj/Fire      #####.       1%          2    None
 Animate Dead             Necr           N/A          54%         4    ##.....
 Pain                     Necr           #...         6%          1    None
 Animate Skeleton         Necr           N/A          6%          1    None
 Vampiric Draining        Necr           #.........   19%         3    None
 Spider Form              Tmut/Pois      #.........   19%         3    None
 Blade Hands              Tmut           #.........   87%         5    #####..
 Ice Form                 Ice/Tmut       #.......     54%         4    ##.....
 Sticks to Snakes         Tmut           #.......     10%         2    None
 Inner Flame              Hex/Fire       ####....     1%          3    None
 Beastly Appendage        Tmut           #.....       6%          1    None


Dungeon Overview and Level Annotations

Branches:
Dungeon (8/15)             Temple (0/1) D:5
   Lair: D:8-11

Altars:
Fedhas
Gozag
Hepliaklqana
Kikubaaqudgha
Nemelex Xobeh
Qazlal
Vehumet
Wu Jian
Yredelemnul
The Shining One

Shops:
D:4 }[=(:

Annotations:
D:8 tsouns's ghost, novice CeFi


Message History

Unknown command.
Okay, then.
J - a vampiric battleaxe
Things that are here:
a stone; a leather armour; 13 gold pieces
Things that are here:
a stone; a flail; a scroll of enchant weapon You see here a stone.
Tsouns's ghost hits you!
You see here a stone.
Tsouns's ghost wails.
Tsouns's ghost hits you!
You see here a stone.
Tsouns's ghost hits you!
Tsouns's ghost whispers, "It is all a dream - a grotesque and foolish dream."
You see here a dagger.
Tsouns's ghost hits you!
* * * LOW HITPOINT WARNING * * *
Tsouns's ghost hits you!
You die...

#..###....###
.........##
...#....####
###.##......###
......#...#....#######
#.# #....###.........#
#...#..#.# ###.......#
#.......#####W......#
##..........#@......#
#......[...#<......#
#......)...#########
#........(.#
#.........(###
#............#
#.########.((## #..
###..####### ..
##.......#


You could see tsouns's ghost.

Vanquished Creatures
  A centaur skeleton (D:5)
  2 ice beasts
  Purgy (D:4)
  A black bear (D:5)
  3 orc warriors
  A sky beast (D:7)
  A phantom (D:8)
  5 centaurs
  4 ogres
  A big kobold (D:7)
  Blork the orc (D:4)
  A bullfrog (D:7)
  2 scorpions
  A vampire bat (D:4)
  A howler monkey (D:6)
  A crimson imp (D:7)
  2 hounds
  A bullfrog zombie (D:6)
  6 orc priests
  A bullfrog skeleton (D:4)
  An iguana (D:3)
  3 worker ants
  6 orc wizards
  A hound zombie (D:8)
  A howler monkey zombie (D:5)
  14 adders
  A shadow imp (D:7)
  5 oozes
  An adder zombie (D:5)
  4 worms
  3 dart slugs
  6 leopard geckos
  10 orcs
  A ball python (D:4)
  5 bat skeletons (D:4)
  2 bat zombies (D:4)
  4 giant cockroaches
  11 goblins
  7 hobgoblins
  9 jackals
  14 kobolds
  3 quokkas
  6 bats
  5 frilled lizards
  2 leopard gecko zombies (D:7)
  A quokka zombie (D:6)
  10 rats
173 creatures vanquished.

Notes
Turn   | Place    | Note
-------+----------+-------------------------------------------
     0 | D:1      | emperorscorpion the Deep Elf Fire Elementalist began the quest for the Orb.
     0 | D:1      | Reached XP level 1. HP: 10/10 MP: 6/6
   315 | D:1      | Reached XP level 2. HP: 15/15 MP: 6/8
  1219 | D:2      | Found a glowing golden altar of the Shining One.
  1255 | D:2      | Reached XP level 3. HP: 19/19 MP: 4/9
  1315 | D:2      | Reached skill level 1 in Slings
  1339 | D:2      | Found a faded altar of an unknown god.
  1368 | D:2      | Became a worshipper of Vehumet
  1368 | D:2      | Reached * piety under Vehumet
  1368 | D:2      | Offered knowledge of Magic Dart by Vehumet.
  1438 | D:2      | Reached XP level 4. HP: 24/24 MP: 9/11
  1481 | D:2      | Found a blossoming altar of Fedhas.
  1781 | D:2      | Learned a level 4 spell: Sticky Flame
  2239 | D:3      | Reached XP level 5. HP: 28/28 MP: 2/12
  2408 | D:3      | Found a stormy altar of Qazlal.
  2457 | D:3      | Reached skill level 4 in Spellcasting
  2514 | D:3      | Found an ornate altar of the Wu Jian Council.
  2746 | D:3      | Found a stormy altar of Qazlal.
  2946 | D:3      | Reached ** piety under Vehumet
  3165 | D:4      | Offered knowledge of Freeze by Vehumet.
  3334 | D:4      | Learned a level 5 spell: Fireball
  3373 | D:4      | Reached XP level 6. HP: 27/33 MP: 8/14
  3451 | D:4      | Found Ydwim's Book Boutique.
  3609 | D:4      | Noticed Purgy
  3615 | D:4      | Killed Purgy
  3650 | D:4      | Found an opulent altar of Gozag.
  3748 | D:4      | Found an ancient bone altar of Kikubaaqudgha.
  3880 | D:4      | Found Voraggeups's Gadget Shoppe.
  3883 | D:4      | Found Fesifream's Armour Shoppe.
  3888 | D:4      | Reached XP level 7. HP: 37/37 MP: 13/16
  3910 | D:4      | Found Jonu Xoul's Jewellery Shoppe.
  3910 | D:4      | Found Kulays's Weapon Shoppe.
  3914 | D:4      | Noticed Blork the orc
  3930 | D:3      | Found a hazy altar of Hepliaklqana.
  3956 | D:4      | Killed Blork the orc
  3956 | D:4      | Reached skill level 1 in Fighting
  3956 | D:4      | Reached skill level 5 in Spellcasting
  4103 | D:4      | Bought a cursed +0 pair of gloves for 16 gold pieces
  4144 | D:4      | Found a sparkling altar of Nemelex Xobeh.
  4340 | D:5      | Entered Level 5 of the Dungeon
  4439 | D:5      | Offered knowledge of Searing Ray by Vehumet.
  4630 | D:5      | Reached skill level 1 in Armour
  4638 | D:5      | Reached skill level 5 in Fire Magic
  4816 | D:5      | Found a staircase to the Ecumenical Temple.
  4999 | D:5      | Reached *** piety under Vehumet
  4999 | D:5      | Reached XP level 8. HP: 37/43 MP: 13/18
  5156 | D:6      | Reached skill level 6 in Spellcasting
  5833 | D:6      | Reached skill level 5 in Slings
  6044 | D:6      | Learned a level 3 spell: Regeneration
  6047 | D:6      | Offered knowledge of Iskenderun's Mystic Blast by Vehumet.
  6347 | D:5      | Reached skill level 7 in Spellcasting
  6875 | D:6      | Reached XP level 9. HP: 41/48 MP: 2/22
  7173 | D:6      | Reached skill level 5 in Conjurations
  7605 | D:6      | Learned a level 4 spell: Iskenderun's Mystic Blast
  7839 | D:7      | Found a basalt altar of Yredelemnul.
  7980 | D:7      | Reached skill level 1 in Evocations
  8517 | D:8      | Reached skill level 8 in Spellcasting
  8614 | D:8      | Reached **** piety under Vehumet
  8705 | D:8      | Noticed tsouns's ghost (novice CeFi)
  8735 | D:8      | Slain by tsouns's ghost

Vault maps used:
D:1:      scummos_arrival_hexagon, serial_forest, infiniplex_forest_zigzag_1,
          infiniplex_forest_clump_small, infiniplex_forest_clump_medium,
          infiniplex_forest_lined_2, infiniplex_forest_straight_4,
          hex_intersection
D:2:      fedhas_altar_4, overflow_temple_1_default,
          chequers_ecumenical_altar_island
D:3:      old_standard_altar, old_standard_altar,
          nicolae_overflow_hidden_temple, first_ration, nrook_mini_backslash,
          grunt_qazlal_sundering
D:4:      overflow_temple_1_default, kennysheep_vampire_church,
          lemuel_doored_altar, serial_shops, shop_fountains, hex_tiny,
          minmay_shop_grid_forest, uniq_blork_the_orc, uniq_purgy
D:5:      minmay_temple_entry_crystal_x
D:7:      yredelemnul_altar_generic
D:8:      okawaru_ov_weapons_minmay

Skill      XL: |  1  2  3  4  5  6  7  8  9 |
---------------+----------------------------+-----
Fire Magic     | 4 5 6 7 |  7.0
Slings         | 1 2 3 4 5 |  5.7
Conjurations   | 2 3 4 6 |  6.2
Spellcasting   | 4 5 7 8 |  8.2
Dodging        | 3 4 |  4.0
Stealth        | 3 |  3.6
Fighting       | 1 2 3 |  3.0
Armour         | 1 |  1.4
Evocations     | 1 |  1.1

Action                   |  1- 3 |  4- 6 |  7- 9 || total
-------------------------+-------+-------+-------++-------
 Fire: Hunting sling     |    18 |   110 |   105 ||   233
 Cast: Flame Tongue      |    55 |    91 |   110 ||   256
       Sticky Flame      |       |     8 |    12 ||    20
       Fireball          |       |       |    37 ||    37
       Iskenderun's Myst |       |       |     1 ||     1
Evoke: Wand              |       |       |    12 ||    12
  Use: Scroll            |       |     8 |     7 ||    15
       Potion            |       |     2 |       ||     2
  Eat: Chunk             |     1 |     9 |    15 ||    25
       Ration            |       |       |     3 ||     3
Armor: Robe              |       |     8 |    16 ||    24
       Troll leather arm |       |     4 |       ||     4
Dodge: Dodged            |     8 |    74 |    50 ||   132

Table legend:
 A = Spawn XP
 B = Non-spawn XP
 C = Spawn XP percentage of total XP
 D = Spawn monster count
 E = Non-spawn monster count
 F = Spawn count percentage of total count
 G = Total turns spent on level
                    A         B        C        D         E        F      G
               +---------+---------+-------+---------+---------+-------+---------
         Total |       0 |    4452 |   0.0 |       0 |     173 |   0.0 |  8735
               +---------+---------+-------+---------+---------+-------+---------
           D:1 |       0 |      34 |   0.0 |       0 |      24 |   0.0 |  1219
           D:2 |       0 |     121 |   0.0 |       0 |      21 |   0.0 |   857
           D:3 |       0 |     138 |   0.0 |       0 |      24 |   0.0 |  1092
           D:4 |       0 |     581 |   0.0 |       0 |      27 |   0.0 |  1172
           D:5 |       0 |    1131 |   0.0 |       0 |      22 |   0.0 |  1509
           D:6 |       0 |     912 |   0.0 |       0 |      25 |   0.0 |  1644
           D:7 |       0 |    1066 |   0.0 |       0 |      22 |   0.0 |   931
           D:8 |       0 |     469 |   0.0 |       0 |       8 |   0.0 |   311
               +---------+---------+-------+---------+---------+-------+---------
